Elronnd, lawful female dwarven Valkyrie .-- ..-- ....| .o.. .<.... ..@*. ...........) ....... ..... ..- Elronnd the Fighter Experience level: 7 Strength: 18/04 Dexterity: 15 Constitution: 15 Intelligence: 9 Wisdom: 8 Charisma: 7 Health: 0(60) Energy: 4(4) AC: 5 Gold: 445 Moves: 1733 Your Inventory: Coins $ - 445 gold pieces Weapons a - an uncursed rusty +1 long sword (weapon in hand) b - 3 uncursed +0 daggers x - 46 [uncursed +0] arrows y - an [uncursed +1] arrow z - 4 [blessed +0] daggers (in quiver) C - an [uncursed +0] dwarvish mattock Armor h - an [uncursed] +0 scale mail (being worn) m - an [uncursed] +0 pair of riding boots [kicking] (being worn) D - an [uncursed +0] dwarvish iron helm Comestibles v - an [uncursed] tripe ration Scrolls e - a [blessed] scroll labeled VE FORBRYDERNE [of teleportation] g - an [uncursed] scroll of create monster u - an [uncursed] scroll labeled ELBIB YLOH [of remove curse] Potions o - an [uncursed] ruby potion [of healing] r - an [uncursed] clear potion [of water] Tools n - an [uncursed] lock pick A - an [uncursed] looking glass [mirror] E - an [uncursed tallow] candle F - an [uncursed wax] candle Gems j - an [uncursed] yellow gem [chrysoberyl] k - an [uncursed] yellowish brown gem [amber] q - an [uncursed] orange gem [worthless glass] w - 8 [uncursed] rocks G - an [uncursed] white gem [worthless glass] Spells known in the end: Name Level Category Fail Memory Your skills at the end: Fighting Skills Weapon Skills dagger [Basic / Expert] long sword [Basic / Expert] Spellcasting Skills Final Attributes: You were devoutly aligned. Hunger level was 280. Your alignment was 18 / 18. Monster difficulty range was 1 - 6. Level difficulty was 6. You were immune to cold. You were telepathic. You had infravision. You were stealthy. You were fast. Your luck was zero. You are dead. Vanquished creatures: a housecat 4 human zombies a mountain nymph 2 Mordor orcs a pony a red naga hatchling 4 giant ants a floating eye a homunculus a giant bat an iguana 3 killer bees 2 acid blobs a coyote 2 manes a giant rat a yellow mold a green mold a red mold 3 gnomes 2 gnome zombies 2 geckos a grid bug a newt 39 creatures vanquished. Voluntary challenges: You were an atheist. You were illiterate. You used a wielded weapon 52 times. You put on armor 5 times. You never genocided any monsters. You never polymorphed an object. You never changed form. You used no wishes. You never wrote Elbereth's name. You encountered 1 bones level. You never used any Sokoban shortcuts. Dungeon overview: The Dungeons of Doom: levels 1 to 5 Level 1 a long staircase Level 4 stairs to The Gnomish Mines The Gnomish Mines: levels 5 to 6 Level 5 stairs to The Dungeons of Doom Level 6 <- You were here History has recorded: On T:1 you entered the Dungeons of Doom to retrieve the Amulet of Yendor! On T:27 you reached level 2 of The Dungeons of Doom. On T:96 you advanced to experience level 2. On T:306 you advanced to experience level 3. On T:351 you reached level 3 of The Dungeons of Doom. On T:580 you reached level 4 of The Dungeons of Doom. On T:589 you advanced to experience level 4. On T:920 you reached level 5 of The Dungeons of Doom. On T:928 you advanced to experience level 5. On T:986 you reached level 1 of The Gnomish Mines. On T:1073 you advanced to experience level 6. On T:1662 you advanced to experience level 7. On T:1709 you reached level 2 of The Gnomish Mines. Latest messages: The sleep ray hits you! (2x) The Uruk-hai swings her long sword. The Uruk-hai hits! [-7 pts] The Uruk-hai swings her long sword. The Uruk-hai hits! [-7 pts] The Uruk-hai swings her long sword. The Uruk-hai hits! [-8 pts] The Uruk-hai swings her long sword. The Uruk-hai hits! [-9 pts] The Uruk-hai swings her long sword. The Uruk-hai hits! [-10 pts] [+1 pts] The Uruk-hai swings her long sword. The Uruk-hai hits! [-14 pts] The Uruk-hai swings her long sword. The Uruk-hai hits! You die... Final status: Farvel Elronnd the Valkyrie... You died in The Gnomish Mines on dungeon level 6 with 2787 points, and 445 pieces of gold, after 1733 moves. You were level 7 with a maximum of 60 hit points when you died.